 Dungeon Crawl Stone Soup version 0.28-b1-25-g9875b3fc8c (webtiles) character file.

Game seed: 1186713447019547921

464 sanka the Digger (level 7, -1/54 HPs)
             Began as a Gargoyle Earth Elementalist on Feb 5, 2022.
             Slain by an adder (3 damage)
             ... on level 6 of the Dungeon.
             The game lasted 00:09:01 (3521 turns).

sanka the Digger (Gargoyle Earth Elementalist)      Turns: 3521, Time: 00:09:02

Health: -1/54      AC: 23    Str: 12    XL:     7   Next: 8%
Magic:  0/10       EV:  2    Int: 17    God:
Gold:   60         SH:  0    Dex: 10    Spells: 4/10 levels left

rFire   . . .      SeeInvis .   f - +2 whip (elec)
rCold   . . .      Faith    .   (no shield)
rNeg    + . .      Spirit   .   (armour currently unavailable)
rPois   ∞          Reflect  .   (helmet currently unavailable)
rElec   .          Harm     .   (cloak currently unavailable)
rCorr   .          Rampage  .   (gloves currently unavailable)
Will    .....      NoTele   +   (boots currently unavailable)
Stlth   ++........              (no amulet)
HPRegen 0.18/turn               (no ring)
MPRegen 0.12/turn               (no ring)

@: tree-form, on berserk cooldown, slowed, very slow
A: stationary, stasis, torment immunity, boosted hp, sickness immunity, AC +4,
negative energy resistance 1, (electricity resistance), torment resistance 1,
petrification resistance
a: no special abilities


You were on level 6 of the Dungeon.
You were a tree.
You visited 1 branch of the dungeon, and saw 4 of its levels.

You collected 60 gold pieces.

Inventory:

Hand Weapons
 f - a +2 whip of electrocution (weapon)
Missiles
 c - 170 stones
 h - 2 throwing nets
Armour
 b - a +0 robe (melded)
 o - a +0 pair of gloves (melded)
 p - a +2 helmet (melded)
Wands
 t - a wand of digging (8)
Scrolls
 i - a scroll of amnesia {unknown}
 j - 2 scrolls of enchant armour
 m - a scroll of magic mapping {unknown}
 n - a scroll of holy word {unknown}
 q - a scroll of identify {unknown}
 r - a scroll of fog {unknown}
 s - 2 scrolls of vulnerability {unknown}
Potions
 e - a potion of invisibility {unknown}
 g - a potion of flight {unknown}
 k - a potion of degeneration {unknown}
 l - a potion of mutation {unknown}


   Skills:
 - Level 1.5 Dodging
 - Level 2.1 Stealth
 - Level 2.0 Spellcasting
 + Level 4.8 Conjurations
 - Level 0.7 Transmutations
 + Level 7.5 Earth Magic


You had 4 spell levels left.
You knew the following spells:

 Your Spells              Type           Power      Damage    Failure   Level
a - Sandblast             Erth           54%        2d13      1%          1
b - Passwall              Tmut/Erth      12%        N/A       5%          2
c - Stone Arrow           Conj/Erth      44%        3d9       4%          3

Your spell library contained the following spells:

 Spells                   Type           Power      Damage    Failure   Level
 Petrify                  Tmut/Erth      15%        N/A       34%         4
 Leda's Liquefaction      Hex/Erth       7%         N/A       38%         4
 Call Canine Familiar     Summ           1%         N/A       50%         3
 Portal Projectile        Hex/Tloc       2%         N/A       50%         3


Dungeon Overview and Level Annotations

Branches:
Dungeon (3/15)

Altars:
Nemelex Xobeh


Innate Abilities, Weirdness & Mutations

You are a tree.
Your roots penetrate the ground, keeping you stationary.
You cannot be teleported.
You are immune to unholy pain and torment.
Your maximum health is greatly increased.
Your equipment is partially melded.
You are immune to sickness and miasma.
((Your stone body is resilient. (AC +4)))
You are immune to poison.
You resist negative energy. (rN+)
((You are resistant to electric shocks. (rElec)))
You are resistant to unholy torment.
You are immune to petrification.


Message History

The centaur closely misses you. The centaur kicks you.
* * * LOW HITPOINT WARNING * * *
You barely miss the centaur.
The centaur is severely wounded.
The centaur hits you.
* * * LOW HITPOINT WARNING * * *
The centaur kicks you but does no damage.
You whack the centaur!
You kill the centaur!
A black bear comes into view.
You have reached level 7!
You feel a strong urge to attack something.
You are no longer berserk.
You are exhausted.
You feel yourself slow down.
Casting: Sandblast (safe; 1% risk of failure)
Confirm with . or Enter, or press ? or * to list all spells.
Aiming: Sandblast (safe; 1% risk of failure)
Press: ? - help, Shift-Dir - straight line, f - adder
Aim: an adder (68% to hit)
The blast of sand hits the adder.
The adder is lightly wounded.
The adder bites you.
* * * LOW HITPOINT WARNING * * *
The adder bites you but does no damage.
Casting: Sandblast (safe; 1% risk of failure)
Confirm with . or Enter, or press ? or * to list all spells.
Aiming: Sandblast (safe; 1% risk of failure)
Press: ? - help, Shift-Dir - straight line, f/p - adder
Aim: an adder (lightly wounded, 68% to hit)
The blast of sand misses the adder.
The adder bites you but does no damage. The adder bites you.
* * * LOW HITPOINT WARNING * * *
Unknown command.
It was a potion of lignification.
You turn into a tree.
Your +2 helmet melds into your body.
Your +0 pair of gloves melds into your body.
Your +0 robe melds into your body.
Your roots penetrate the ground.
The adder bites you but does no damage. The adder bites you.
You die...

#.# #.####.##.# h. ##.#
##.##.# . #. .#.# #..##.#
.. #.#.#.###.###.#
#.###...#.##.[###.#
##.....Y##.........####
o.S.#...).Y...............
#.......##S#...##.########
#.#....###♣##..##.#
#.....# #.###....# .....#
#.# #....# .##+# #.#
##...# #.######.#####..#
#.##............#
##.##.....#####.##
##...#...........#
#..........#######


You could see a yak and an adder.

Vanquished Creatures
  A water moccasin (D:6)
  A centaur (D:6)
  2 wights (D:6)
  A bullfrog skeleton (D:6)
  4 gnolls (D:2)
  6 adders
  A shadow imp (D:6)
  A dart slug (D:1)
  5 orcs (D:6)
  An endoplasm (D:2)
  3 giant cockroaches (D:1)
  8 goblins
  5 hobgoblins
  6 jackals
  2 ball pythons
  3 bats
  2 frilled lizards
  12 kobolds
  A rat (D:2)
65 creatures vanquished.

Notes
Turn   | Place    | Note
-------+----------+-------------------------------------------
     0 | D:1      | sanka the Gargoyle Earth Elementalist began the quest for
                  | the Orb.
     0 | D:1      | Reached XP level 1. HP: 10/10 MP: 3/3
   190 | D:1      | Found a faded altar of an unknown god.
   198 | D:1      | Reached skill level 4 in Earth Magic
   328 | D:1      | Reached XP level 2. HP: 5/15 MP: 0/5
  1039 | D:1      | Reached XP level 3. HP: 19/19 MP: 3/6
  1042 | D:1      | Learned a level 2 spell: Passwall
  1046 | D:1      | Learned a level 3 spell: Stone Arrow
  1129 | D:1      | Reached skill level 5 in Earth Magic
  1243 | D:2      | Reached skill level 1 in Conjurations
  1438 | D:2      | Reached XP level 4. HP: 24/24 MP: 1/7
  2054 | D:2      | Reached XP level 5. HP: 22/28 MP: 5/8
  2294 | D:2      | Reached skill level 6 in Earth Magic
  2462 | D:2      | Found a sparkling altar of Nemelex Xobeh.
  2769 | D:3      | You fall into a shaft and drop 3 floors!
  2840 | D:6      | HP: 1/28 [wight (5)]
  2863 | D:6      | Reached XP level 6. HP: 4/32 MP: 0/9
  3493 | D:6      | Noticed a water moccasin
  3506 | D:6      | Killed a water moccasin
  3507 | D:6      | Reached skill level 7 in Earth Magic
  3508 | D:6      | Noticed a yak
  3515 | D:6      | Noticed a black bear
  3516 | D:6      | Reached XP level 7. HP: 6/36 MP: 1/10
  3520 | D:6      | HP: 1/36 [adder (2)]
  3521 | D:6      | Slain by an adder

Illustrated notes

Levels and vault maps discovered:
D:1:      dpeg_arrival_simpleton_a, layout_rooms, basic_ecumenical_altar,
          amcnicky_mini_corridor_feature
D:2:      kennysheep_the_goblin_king, layout_basic, basic_altar
D:3:      layout_loops_ring
D:6:      layout_loops_corners, grunt_temple_overflow_diamond,
          minmay_fractal_squares_5

Skill      XL: |  1  2  3  4  5  6 |
---------------+-------------------+-----
Earth Magic    | 4 5 6 7 |  7.5
Conjurations   | 1 2 3 4 |  4.8
Dodging        | |  1.5
Stealth        | |  2.1
Spellcasting   | |  2.0
Transmutations | |  0.7

Action                   |  1- 3 |  4- 6 |  7- 9 || total
-------------------------+-------+-------+-------++-------
Melee: Unarmed           |    50 |       |       ||    50
       Whip              |       |    82 |       ||    82
       Punch             |       |     2 |       ||     2
 Cast: Sandblast         |    39 |    38 |     2 ||    79
       Stone Arrow       |       |     3 |       ||     3
  Use: Potion            |     1 |     1 |     1 ||     3
       Scroll            |       |     1 |       ||     1
 Stab: Sleeping          |       |     1 |       ||     1
Armor: Robe              |    27 |    35 |     2 ||    64
       Skin              |       |       |     1 ||     1
Dodge: Dodged            |    67 |    59 |       ||   126
